 Dungeon Crawl Stone Soup version 0.21-a0-440-g28109cb (webtiles) character file.

155 slep the Shield-Bearer (level 5, 0/70 HPs)
             Began as a Minotaur Fighter on Nov 10, 2017.
             Succumbed to an orc warrior's poison
             ... on level 3 of the Dungeon.
             The game lasted 00:08:43 (1393 turns).

slep the Shield-Bearer (Minotaur Fighter)           Turns: 1393, Time: 00:08:44

Health: 0/70       AC: 22    Str: 21    XL:     5   Next: 14%
Magic:  4/4        EV:  2    Int:  6    God:
Gold:   82         SH: 10    Dex: 14    Spells: 4/4 levels left

rFire    . . .     SeeInvis .   a - +0 long sword
rCold    . . .     Gourm    .   c - +0 shield
rNeg     + + +     Faith    .   (armour currently unavailable)
rPois    +         Spirit   .   (helmet currently unavailable)
rElec    .         Reflect  .   (cloak currently unavailable)
rCorr    .         Harm     .   (gloves currently unavailable)
MR       .....     NoTele   +   (boots currently unavailable)
Stlth    ++........             (no amulet)
HPRegen  0.21/turn              (no ring)
MPRegen  0.09/turn              (no ring)

@: agile, lethally poisoned (0 -> -6), tree-form
A: (retaliatory headbutt)
a: no special abilities


You were on level 3 of the Dungeon.
You were not hungry.
You were a tree.
You visited 1 branch of the dungeon, and saw 3 of its levels.

You collected 82 gold pieces.

Inventory:

Hand Weapons
 a - a +0 long sword (weapon)
 w - a +1 hand axe of flaming
Missiles
 j - 7 tomahawks of dispersal (quivered)
Armour
 b - a +0 scale mail
 c - a +0 shield (worn)
 h - a +0 ring mail of fire resistance
 p - a +1 scale mail of fire resistance (melded)
Scrolls
 e - a scroll of recharging {unknown}
 g - a scroll of amnesia {unknown}
 i - a scroll of identify {unknown}
 k - 4 scrolls of remove curse {unknown}
 m - a scroll of enchant armour {unknown}
 t - 3 scrolls of immolation {unknown}
 v - a scroll of fear {unknown}
Potions
 d - a potion of might
 r - a potion of magic {unknown}
 s - a potion of flight
 u - a potion of haste {unknown}
Comestibles
 f - a bread ration
 n - a meat ration
 x - 4 chunks of flesh


   Skills:
 + Level 4.4 Fighting
 + Level 3.9 Long Blades
 + Level 4.2 Armour
 + Level 2.3 Dodging
 + Level 4.5 Shields


You had 4 spell levels left.
You didn't know any spells.

Dungeon Overview and Level Annotations

Branches:
Dungeon (3/15)

Altars:
Okawaru


Innate Abilities, Weirdness & Mutations

((You reflexively headbutt those who attack you in melee.))
((You have a pair of horns on your head.))


Message History

Your +1 scale mail of fire resistance melds into your body.
You feel less resistant to fire.
Your roots penetrate the ground.
* * * LOW HITPOINT WARNING * * *
You feel sick. You block the orc warrior's attack.
A frilled lizard comes into view.
You closely miss the orc warrior.
* * * LOW HITPOINT WARNING * * *
You feel sick.
The frilled lizard moves out of view.
The orc warrior hits you but does no damage.
You closely miss the orc warrior.
* * * LOW HITPOINT WARNING * * *
You feel sick.
The orc priest looks encouraged for a moment.
You block the orc warrior's attack.
Throwing (i - inventory):
j - 8 tomahawks of dispersal (quivered)
Press: ? - help, Shift-Dir - straight line, f - orc warrior
Aim: an orc warrior, wielding a long sword of venom and wearing a plate armour You throw a tomahawk of dispersal.
The tomahawk of dispersal hits the orc warrior but does no damage.
You die...

#....# #....# # #....##.
.....'. #....# ##.#.#
########....#
#.♣oooS(((..#
#.######..).....' #.#
.......####
######'###.##...#.# .
#..........######.#####.
#.......#########.......
#........)..)...#.......
#........######.#.......
#........#......#.......


You could see an orc warrior, an orc priest, an adder and an orc.

Vanquished Creatures
  2 orc wizards (D:3)
  Terence (D:2)
  3 adders
  2 oozes
  3 dart slugs
  4 leopard geckos
  7 orcs (D:3)
  2 bats
  2 goblins
  4 hobgoblins
  10 jackals
  A kobold (D:2)
  2 frilled lizards (D:1)
  2 rats (D:1)
45 creatures vanquished.

Notes
Turn   | Place    | Note
-------+----------+-------------------------------------------
     0 | D:1      | slep the Minotaur Fighter began the quest for the Orb.
     0 | D:1      | Reached XP level 1. HP: 19/19 MP: 0/0
    97 | D:1      | Reached XP level 2. HP: 27/27 MP: 1/1
   315 | D:1      | Reached XP level 3. HP: 28/33 MP: 2/2
   751 | D:2      | Noticed Terence
   760 | D:2      | Killed Terence
   862 | D:2      | Reached skill level 1 in Dodging
   898 | D:2      | Reached XP level 4. HP: 40/40 MP: 3/3
  1270 | D:3      | Found an iron altar of Okawaru.
  1342 | D:3      | Reached XP level 5. HP: 34/47 MP: 4/4
  1371 | D:3      | Noticed an orc warrior
  1391 | D:3      | HP: 2/70 [poisoned by an orc warrior]
  1393 | D:3      | Succumbed to an orc warrior's poison

Vault maps used:
D:1:      lemuel_arrival_river_bridge, minmay_pentomino_q2
D:2:      uniq_terence
D:3:      okawaru_gym_becter

Skill      XL: |  1  2  3  4 |
---------------+-------------+-----
Armour         | 4 |  4.2
Shields        | 4 |  4.5
Fighting       | 4 |  4.4
Long Blades    | 3 |  3.9
Dodging        | 1 2 |  2.3

Action                   |  1- 3 |  4- 6 || total
-------------------------+-------+-------++-------
Melee: Long sword        |    60 |    68 ||   128
       Headbutt          |    14 |    13 ||    27
Throw: Tomahawk          |       |     1 ||     1
  Use: Potion            |       |     4 ||     4
  Eat: Chunk             |       |     2 ||     2
Armor: Scale mail        |    10 |    36 ||    46
       Ring mail         |    16 |       ||    16
       Skin              |       |     1 ||     1
Dodge: Dodged            |    21 |    29 ||    50
Block: Shield            |    31 |    41 ||    72
       Rpst.: Long sword |     6 |    11 ||    17

Table legend:
 A = Spawn XP
 B = Non-spawn XP
 C = Spawn XP percentage of total XP
 D = Spawn monster count
 E = Non-spawn monster count
 F = Spawn count percentage of total count
 G = Total turns spent on level
                    A         B        C        D         E        F      G
               +---------+---------+-------+---------+---------+-------+---------
         Total |       0 |     222 |   0.0 |       0 |      45 |   0.0 |  1393
               +---------+---------+-------+---------+---------+-------+---------
           D:1 |       0 |      46 |   0.0 |       0 |      19 |   0.0 |   696
           D:2 |       0 |      84 |   0.0 |       0 |      14 |   0.0 |   574
           D:3 |       0 |      92 |   0.0 |       0 |      12 |   0.0 |   123
               +---------+---------+-------+---------+---------+-------+---------
